AoeStats
← NuMa | Gacha

Arabia

506874585Analyzed
2v2 RM · 18d ago on Sep 15, 2026· 50m 21s· 4 players
Game mode
Random Map
Map size
Medium (4 player)
Population
200
Speed
Normal
Resources
Standard
Victory
Conquest
Starting age
Dark Age
Ending age
Imperial Age
RankedLock teamsTeams togetherTeam positionsShared explorationLock speedFull tech treeHidden civsTurbo modeCheats
Victory
Defeat
🇱🇹 Khitans · Lithuania
1151
+13
🇱🇹 Koreans · Lithuania
1139
+14
🇨🇴 Italians · Colombia
1114
-14
🇹🇼 Mongols · Taiwan
1068
-13
NuMa | Gacha
7:02 Loom
7:09 Loom
9:55 Feudal Age
10:27 Double-Bit Axe
18:01 Fletching
18:52 Padded Archer Armor
24:06 Castle Age
24:19 Crossbowman
26:29 Bow Saw
27:53 Scale Barding Armor
28:01 Bloodlines
29:33 Husbandry
32:55 Wheelbarrow
32:57 Town Watch
39:44 Hand Cart
46:31 Imperial Age
46:49 Imperial Age
47:10 Forging
47:39 Bodkin Arrow
stickysushi
10:28 Feudal Age
12:37 Bloodlines
14:22 Scale Barding Armor
22:13 Castle Age
20:43 Fletching
22:00 Horse Collar
23:19 Husbandry
23:24 Husbandry
23:22 Gold Mining
24:13 Stone Mining
25:43 Double-Bit Axe
37:05 Imperial Age
35:19 Bow Saw
35:05 Elite Skirmisher
36:44 Ballistics
36:20 Murder Holes
36:43 Masonry
37:31 Gold Shaft Mining
37:30 Bodkin Arrow
37:36 Padded Archer Armor
39:12 Thumb Ring
39:33 Parthian Tactics
40:33 Wheelbarrow
42:00 Hand Cart
43:16 Conscription
45:34 Town Watch
46:39 Siege Engineers
48:35 Chemistry
(:Burundukas:) LT.
3:02 Loom
10:50 Feudal Age
11:12 Man-at-Arms
11:58 Double-Bit Axe
12:37 Fletching
13:15 Forging
12:51 Domestication
17:22 Scale Mail Armor
17:33 Padded Archer Armor
20:53 Fletching
26:59 Castle Age
27:01 Elite Skirmisher
27:03 Long Swordsman
27:33 Gambesons
28:05 Chain Mail Armor
28:22 Arson
29:11 Squires
31:51 Bow Saw
34:18 Iron Casting
33:33 Pikeman
36:58 Bodkin Arrow
42:21 Pastoralism
47:03 Imperial Age
46:54 Wheelbarrow
48:27 Elite Liao Dao
50:05 Plate Mail Armor
Augrar
5:53 Loom
9:15 Feudal Age
9:58 Double-Bit Axe
11:36 Horse Collar
22:08 Castle Age
20:48 Fletching
22:59 Bodkin Arrow
23:25 Gold Mining
23:48 Bow Saw
23:43 Crossbowman
25:52 Ballistics
27:09 Wheelbarrow
28:53 Thumb Ring
29:20 Stone Mining
30:05 Gold Shaft Mining
31:44 Hand Cart
33:45 Town Watch
41:17 Imperial Age
39:15 Scale Barding Armor
40:45 Chain Barding Armor
43:04 Arbalester
43:46 Bracer
49:38 Chemistry
49:07 Elite Skirmisher
Connection lost

Rejoining the realm…

Still unreachable

The connection could not be restored.

Session expired

The server has moved on; the page needs a fresh start.